[Event "Live Chess"]
[Site "Chess.com"]
[Date "2024.06.02"]
[Round "-"]
[White "Duke_of_Bebington"]
[Black "Hazban"]
[Result "0-1"]
[WhiteElo "1578"]
[BlackElo "2055"]
[TimeControl "300"]
[EndTime "8:02:17 PDT"]
[Termination "Hazban won by resignation"]

1. e4 c6 2. d4 d5 3. e5 c5 4.
c3 Nc6 5. Ne2 cxd4 6. cxd4 Qb6 7. Nbc3 Bg4 8. Nxd5 Qa5+ 9. Ndc3 O-O-O 10. Be3 e6 11. a3 Nxe5 12. Qc2 Nc6 13. h3 Bf5 14. Qb3 Nf6 15. Ng3 Bg6 16. Bb5 Nxd4 17. Bxd4 Rxd4 18.
O-O Be7 19. Rac1 Kb8 0-1

[Event "Live Chess"]
[Site "Chess.com"]
[Date "2024.06.02"]
[Round "-"]
[White "matt1979"]
[Black "Purple1szed"]
[Result "0-1"]
[WhiteElo "1418"]
[BlackElo "2008"]
[TimeControl "300"]
[EndTime "8:02:18 PDT"]
[Termination "Purple1szed won by resignation"]

1. f4 d5 2. Nf3 c5 3. e3 Nc6 4.
Bb5 Qd7 5. O-O f6 6. b3 a6 7. Bxc6 bxc6 8. Bb2 e6 9. d3 Bd6 10. Qe1 Ne7 11. Qh4 a5 12. Nbd2 Nf5 13. Qf2 Ba6 14.
g4 Ne7 15. a4 O-O-O 16. Ba3 h5 17. h3 hxg4 18. hxg4 g5 19. Nh2 gxf4 20. exf4 Rdg8 21. Qe2 Nf5 22. Rf3 Nd4 23. Qf2 Nxf3+ 24. Qxf3 e5 25. f5 e4 0-1

[Event "Live Chess"]
[Site "Chess.com"]
[Date "2024.06.02"]
[Round "-"]
[White "TheSmoulderingMaster"]
[Black "LL220284LL"]
[Result "0-1"]
[WhiteElo "1778"]
[BlackElo "2467"]
[TimeControl "300"]
[EndTime "8:02:18 PDT"]
[Termination "LL220284LL won by resignation"]

1. e4 g6 2. d4 Bg7 3. Nc3 d6 4. Nf3 Bg4 5. Be2 Nc6 6. Be3 e6 7. h3 Bxf3 8. Bxf3 Nge7 9. O-O O-O 10. Qd2 Re8 11. d5 exd5 12. exd5 Ne5 13. Bh6 Nxf3+ 14.
gxf3 Bxh6 15. Qxh6 Nf5 16. Qf4 Qh4 17. Qg4 h5 18.
Qxh4 Nxh4 19. f4 Re7 20. Kh2 Rae8 21. Kg3 Nf5+ 22. Kf3 Nd4+ 23. Kg3 Nxc2 24. Rac1 Nd4 25. Rfe1 Rxe1 0-1

[Event "Live Chess"]
[Site "Chess.com"]
[Date "2024.06.02"]
[Round "-"]
[White "GEMdzq"]
[Black "RichardABates"]
[Result "1-0"]
[WhiteElo "2284"]
[BlackElo "2368"]
[TimeControl "300"]
[EndTime "8:02:27 PDT"]
[Termination "GEMdzq won on time"]

1. e4 c5 2. d4 cxd4 3. c3 Nf6 4. e5 Nd5 5. Qxd4 e6 6. Bd3 Nc6 7. Qe4 f5 8. exf6 Nxf6 9. Qh4 Be7 10. Nf3 O-O 11.
Bg5 h6 12. Bxf6 Bxf6 13. Qe4 Ne7 14. Nbd2 d5 15. Qe2 Qc7 16. O-O e5 17. Bc2 Bg4 18. h3 Bh5 19. Bb3 e4 20. Qxe4 Bg6 21. Qa4 Kh8 22. Rfe1 a6 23. Nd4 Qf4 24. N2f3 b5 25.
Qb4 Bxd4 26. Qxd4 Be4 27. Bxd5 Bxd5 28. Qxf4 Rxf4 29. Rxe7 Bxf3 30. gxf3 Rxf3 31. Kg2 Raf8 32. Re2 Rd3 33. a4 Rf5 34. axb5 axb5 35. Ra8+ Kh7 36.
Rae8 b4 37. R8e3 Rfd5 38. Rxd3 Rxd3 39. Re3 Rd2 40. cxb4 Rxb2 41. Re4 Kg6 42. Rf4 Kg5 43. Kg3 Rb3+ 44. f3 Rb1 45. h4+ Kh5 46. Rf5+ g5 47. hxg5 hxg5 48. f4 Rb3+ 49. Kf2 Kg4 50. Rxg5+ Kxf4 51. Rb5 Rb2+ 52. Ke1 Ke3 53. Kd1 Kd3 54. Kc1 Rb3 55. Rd5+ Kc4 56. Rh5 Kxb4 57. Rh4+ Ka3 58. Rh8 Rc3+ 59. Kd2 Rb3 60. Ra8+ Kb4 61. Rb8+ Kc4 62.
Rc8+ Kd4 63. Rd8+ Kc4 64. Rc8+ Kd4 65. Kc2 Rb4 66. Rd8+ Kc4 67. Rc8+ Kd4 68. Rh8 Rc4+ 69. Kd2 Ra4 70. Rh4+ Kc5 71. Rxa4 Kb5 72. Re4 Kc6 73. Kd3 Kd6 74. Kd4 Kc6 75. Re5 Kd6 76. Rd5+ Kc6 77.
Rh5 Kc7 78. Rh6 1-0

[Event "Live Chess"]
[Site "Chess.com"]
[Date "2024.06.02"]
[Round "-"]
[White "f4nomore"]
[Black "joellloyd"]
[Result "0-1"]
[WhiteElo "1276"]
[BlackElo "1901"]
[TimeControl "300"]
[EndTime "8:02:34 PDT"]
[Termination "joellloyd won by checkmate"]

1. Nf3 c6 2. e3 d5 3. d4 Nf6 4. Be2 Bg4 5. O-O e6 6. Ne5 Bxe2 7. Qxe2 Nbd7 8. Nf3 Bd6 9. c4 O-O 10. c5 Bc7 11.
Nc3 e5 12. b4 Re8 13. b5 e4 14. Nd2 Nf8 15. bxc6 bxc6 16. Nb3 Qd7 17. f3 Ng6 18. fxe4 Nxe4 19. Nxe4 Rxe4 20. Qf3 Rae8 21. Bd2 f6 22. h3 Qe6 23. Rae1 Qf7 24. Bc1 R8e6 25. Nd2 Rh4 26. e4 Rf4 27. Qe3 Rxf1+ 28. Kxf1 dxe4 29. Nxe4 f5 30. Nf6+ Rxf6 31. Qe8+ Qxe8 32. Rxe8+ Kf7 33. Rc8 Bf4 34. Bb2 Re6 35. Kf2 Be3+ 36. Kf3 f4 37.
Rc7+ Re7 38. Rxc6 Nh4+ 39. Kg4 Nxg2 40. Ba3 g6 41. Ra6 h5+ 42. Kf3 Nh4+ 43. Ke2 Bxd4+ 44.
Kd3 Be3 45. c6 Re6 46. Kc4 Nf5 47. Kd5 Bb6 48. c7 Ne3# 0-1

[Event "Live Chess"]
[Site "Chess.com"]
[Date "2024.06.02"]
[Round "-"]
[White "Step-S"]
[Black "degringolade64"]
[Result "0-1"]
[WhiteElo "1259"]
[BlackElo "2081"]
[TimeControl "300"]
[EndTime "8:02:44 PDT"]
[Termination "degringolade64 won by resignation"]

1. e4 e5 2. d4 exd4 3. f4 d5 4.
exd5 Qxd5 5. Nf3 Nc6 6. Nc3 Bb4 7. Qd3 Bf5 8. Qd2 O-O-O 9. Bd3 dxc3 10. bxc3 Bxd3 11.
cxb4 Qe4+ 12. Kf2 Bxc2 13. Qe3 Nf6 14. Re1 Ng4+ 0-1

[Event "Live Chess"]
[Site "Chess.com"]
[Date "2024.06.02"]
[Round "-"]
[White "gobbles19"]
[Black "ACM42"]
[Result "1-0"]
[WhiteElo "2223"]
[BlackElo "2166"]
[TimeControl "300"]
[EndTime "8:03:01 PDT"]
[Termination "gobbles19 won by checkmate"]

1. e4 e6 2. d4 d5 3. Nc3 Bb4 4. e5 c5 5. Bd2 Ne7 6. Nb5 O-O 7. Bxb4 cxb4 8. f4 Nbc6 9. Nf3 a6 10. Nd6 Nf5 11.
Nxf5 exf5 12. Bd3 Be6 13. O-O Rc8 14. Qe2 Qb6 15. Qf2 Na5 16. Kh1 Nc4 17. Rab1 a5 18. c3 bxc3 19. bxc3 Qc7 20. Rfc1 Qe7 21. Qc2 Na3 22. Qb2 Nxb1 23. Rxb1 Rc7 24. Nd2 Rfc8 25. Rc1 Qh4 26. g3 Qe7 27. Nb3 b6 28. Nd2 Rb8 29.
a4 h5 30. Nf3 g6 31. Rb1 Bd7 32. Qb3 Qe8 33. Ra1 Rbc8 34. Qxb6 Rxc3 35. Be2 Rc2 36. Bf1 Rc1 37. Rxc1 Rxc1 38. Kg1 Bxa4 39. Qxa5 Qb5 40. Qd8+ Kh7 41. Ng5+ Kg7 42. Qf6+ Kg8 43. Qxf7+ Kh8 44. Qh7# 1-0

[Event "Live Chess"]
[Site "Chess.com"]
[Date "2024.06.02"]
[Round "-"]
[White "agamilewska"]
[Black "Bradfield133"]
[Result "1-0"]
[WhiteElo "1802"]
[BlackElo "1837"]
[TimeControl "300"]
[EndTime "8:03:04 PDT"]
[Termination "agamilewska won on time"]

1. d4 d6 2. c4 f5 3. Nf3 Nf6 4. Nc3 c6 5. Bg5 Nbd7 6. Bxf6 Nxf6 7. e3 Qc7 8. Be2 e5 9. dxe5 dxe5 10. O-O Be7 11. Rc1 O-O 12. a3 a5 13. b4 axb4 14.
axb4 Bxb4 15. Qb3 Bc5 16. Rfd1 Ra3 17. Qb2 Re8 18. Ra1 Rxa1 19. Rxa1 e4 20. Nd4 Qe5 21. Nb3 Bd6 22. g3 Bb4 23. Rc1 Rd8 24. Nd4 Bc5 25.
Nc2 Rd2 26. Qb3 Nd7 27. f4 exf3 28. Bxf3 Bxe3+ 29. Kh1 Rd3 30. c5+ Kf8 31. Ne1 Bxc1 32. Nxd3 Qe3 33. Qd1 Bd2 34. Qe2 Qxe2 35. Nxe2 Nf6 36.
Kg2 Be6 37. Nf2 Be3 38. Nc3 Bxc5 39. h3 Bxf2 40. Kxf2 Nd5 41. Nxd5 Bxd5 42. Bxd5 cxd5 43. Ke3 Ke7 44. Kd4 Kd6 45. g4 b5 46. gxf5 b4 47.
h4 b3 48. Kc3 Ke5 49. Kxb3 Kxf5 50. Kc3 1-0

[Event "Live Chess"]
[Site "Chess.com"]
[Date "2024.06.02"]
[Round "-"]
[White "ameetghasi100"]
[Black "Pablo_dmp"]
[Result "1-0"]
[WhiteElo "2756"]
[BlackElo "1981"]
[TimeControl "300"]
[EndTime "8:03:04 PDT"]
[Termination "ameetghasi100 won by resignation"]

1. c4 e6 2. Nf3 d5 3. d4 a6 4. Nc3 dxc4 5. e4 b5 6. a4 b4 7.
Nb1 Bb7 8. Qc2 Nf6 9. e5 Nd5 10. Bxc4 Nb6 11. Be2 a5 12. Nbd2 Be7 13. h4 Nc6 14. Nb3 O-O 15. Ng5 g6 16. Be3 Nd5 17. Bd2 f6 18. Nxe6 Qd7 19. Nxf8 Rxf8 20. h5 fxe5 21. hxg6 Qf5 22. gxh7+ Kh8 23. Qxf5 Rxf5 24. dxe5 Nxe5 25. Nd4 Rf7 26. Nf3 Ng6 27. Bc4 c6 28. O-O-O Bc5 29. Rde1 Bxf2 30. Re8+ Nf8 31. Bh6 Be3+ 32.
Bxe3 Nxe3 33. Bxf7 1-0

[Event "Live Chess"]
[Site "Chess.com"]
[Date "2024.06.02"]
[Round "-"]
[White "stevochess11"]
[Black "NottheBishopSacrifice"]
[Result "0-1"]
[WhiteElo "1708"]
[BlackElo "2335"]
[TimeControl "300"]
[EndTime "8:03:05 PDT"]
[Termination "NottheBishopSacrifice won by resignation"]

1. d4 d5 2. Nf3 Nf6 3. e3 e6 4. Bd3 Bd6 5. O-O O-O 6. Nbd2 b6 7.
b3 Bb7 8. Bb2 Ne4 9. Ne5 Nxd2 10. Qh5 f5 11. g4 Ne4 12. gxf5 Rxf5 13. Qh3 Nd7 14. f3 Nxe5 15. dxe5 Bc5 16. fxe4 dxe4 17. Bc4 Rxf1+ 18. Rxf1 Qg5+ 19. Kh1 Qxe3 20. Bxe6+ Kh8 21. Bf5 Qxh3 22. Bxh3 Re8 23. e6 e3+ 24. Bg2 Bxg2+ 25.
Kxg2 Rxe6 26. Bd4 h6 27. Bxc5 bxc5 28. Re1 Kh7 29. Kf3 Kg6 30. Rxe3 Rxe3+ 31. Kxe3 Kf5 32.
Kf3 g5 33. h3 h5 34. c3 g4+ 35.
hxg4+ hxg4+ 36. Kg3 Ke4 37. Kxg4 Kd3 0-1

[Event "Live Chess"]
[Site "Chess.com"]
[Date "2024.06.02"]
[Round "-"]
[White "bill77678"]
[Black "best137"]
[Result "1-0"]
[WhiteElo "1843"]
[BlackElo "1515"]
[TimeControl "300"]
[EndTime "8:03:11 PDT"]
[Termination "bill77678 won on time"]

1. e4 c6 2. d4 d5 3. exd5 cxd5 4.
Bd3 Nc6 5. c3 Nf6 6. Bf4 Bg4 7. Qb3 Qc8 8. Nd2 e6 9. Ngf3 Be7 10.
O-O O-O 11. Rfe1 Re8 12. Ne5 Nxe5 13. dxe5 Nh5 14. Be3 a5 15. h3 a4 16. Qc2 Bf5 17.
Bxf5 exf5 18. Qd1 f4 19. Bd4 g6 20. Qf3 Qe6 21. Nf1 b5 22. Nh2 b4 23. Ng4 bxc3 24.
bxc3 Bg5 25. Nf6+ Nxf6 26. exf6 Qxe1+ 27. Rxe1 Rxe1+ 28. Kh2 Rb8 29. h4 Rbb1 30. g3 fxg3+ 31. fxg3 Rb2+ 32. Kh3 Rh1+ 33. Kg4 Bh6 34. Qxd5 Bf8 35.
Qd8 1-0

[Event "Live Chess"]
[Site "Chess.com"]
[Date "2024.06.02"]
[Round "-"]
[White "ShanthamGrarks"]
[Black "Delacorta"]
[Result "0-1"]
[WhiteElo "1885"]
[BlackElo "1548"]
[TimeControl "300"]
[EndTime "8:03:18 PDT"]
[Termination "Delacorta won by resignation"]

1. d4 e6 2. Nc3 f5 3. e4 fxe4 4. f3 Nf6 5. fxe4 Bb4 6. Bg5 Bxc3+ 7. bxc3 O-O 8. Nf3 d6 9. Bd3 Nbd7 10. O-O Qe8 11.
Bh4 Qh5 12. Bg3 b6 13. e5 dxe5 14. dxe5 Ng4 15. Be4 Rb8 16. Bc6 Ne3 17. Qd3 Nxf1 18. Rxf1 Nc5 19. Qc4 Bb7 20. Bxb7 Rxb7 21. Bf2 Qf7 22.
Bxc5 bxc5 23. Qxc5 Rb2 24. Nd2 Qe8 25. Rxf8+ Qxf8 26. Qc6 Rxc2 27. Qxe6+ Kh8 28. Nf3 Qb8 29. h3 Qb6+ 30.
Kh2 Qxe6 31. Nd4 Qxe5+ 0-1

[Event "Live Chess"]
[Site "Chess.com"]
[Date "2024.06.02"]
[Round "-"]
[White "raimundklein"]
[Black "ClassyChameleon"]
[Result "1-0"]
[WhiteElo "1603"]
[BlackElo "1523"]
[TimeControl "300"]
[EndTime "8:03:27 PDT"]
[Termination "raimundklein won on time"]

1. e4 e5 2. Nf3 Nc6 3. Bc4 Nf6 4. d3 Bc5 5. O-O O-O 6. c3 a6 7. b4 Ba7 8. a4 d6 9. h3 h6 10. Nbd2 b5 11. axb5 axb5 12. Bxb5 Bd7 13. Re1 Bxf2+ 14. Kxf2 Rxa1 15. Nb3 Ra2+ 16. Kg1 Na7 17. Bc4 Bb5 18. Na5 Bxc4 19. Nxc4 Nb5 20. Qb3 Ra8 21. d4 exd4 22. cxd4 Nh5 23. e5 dxe5 24. dxe5 Ng3 25. Be3 Re8 26. Rd1 Qc8 27. Rc1 Ne2+ 28. Kf2 Nxc1 29.
Bxc1 Qd7 30. Be3 Ra1 31. Qb2 Rd1 32. Bc5 c6 33. Ne3 Rd3 34. Qc2 Na3 35. Qe2 Nb5 36.
Nc4 Nc3 37. Qe1 Rd1 38. Qe3 Kh8 39. Nd6 Re6 40. Qxc3 1-0

[Event "Live Chess"]
[Site "Chess.com"]
[Date "2024.06.02"]
[Round "-"]
[White "educatedlad"]
[Black "Hoogleboogle"]
[Result "1-0"]
[WhiteElo "1746"]
[BlackElo "1251"]
[TimeControl "300"]
[EndTime "8:03:41 PDT"]
[Termination "educatedlad won by checkmate"]

1. d4 d5 2. c4 Nf6 3. cxd5 Nxd5 4. Nf3 e6 5. e4 Nf6 6. Nc3 Bb4 7. e5 Nd5 8. Bd2 c5 9. Nxd5 exd5 10. Bxb4 cxb4 11. Bd3 O-O 12. h4 h5 13. Bh7+ Kxh7 14. Ng5+ Kg8 15. Qxh5 Qxg5 16. hxg5 f6 17. g6 Rf7 18. Qh8# 1-0

[Event "Live Chess"]
[Site "Chess.com"]
[Date "2024.06.02"]
[Round "-"]
[White "kylet1990"]
[Black "Colm_Buckley"]
[Result "0-1"]
[WhiteElo "766"]
[BlackElo "1879"]
[TimeControl "300"]
[EndTime "8:03:44 PDT"]
[Termination "Colm_Buckley won by resignation"]

1. e4 b6 2. Bc4 Bb7 3. Nc3 e6 4. d4 d5 5. e5 dxc4 6. Nf3 Bxf3 7. Qxf3 Nd7 8. Nb5 c6 9. Qxc6 Rc8 10. Qb7 Nh6 11.
Nxa7 Rb8 12. Qa6 Qc7 13. Be3 Nf5 14. O-O Nxe3 15. fxe3 Ra8 16. Nb5 Rxa6 17. Nxc7+ Kd8 18. Nxa6 Kc8 19. Nb4 Bxb4 20. Rxf7 g6 21. c3 Rf8 22. Rxf8+ Bxf8 23. Rf1 Kd8 24. g3 Ke8 25. Rf4 Bh6 26.
Rh4 Bxe3+ 27. Kf1 h5 28. Ke2 Bc1 29. b3 cxb3 30. axb3 b5 31. c4 bxc4 32. bxc4 Nb6 33. c5 Nd5 34. Kd1 Bb2 35. g4 Ne3+ 36. Kd2 Nxg4 37.
Kc2 Bxd4 38. c6 Bxe5 39. Rh3 Kd8 40. Ra3 Kc7 41. Ra5 Kxc6 42. Kd3 Bxh2 43. Ke4 Nf6+ 44. Kd4 Kd6 45. Ra6+ Ke7 46. Kc5 Ne4+ 47. Kc6 Kf6 48.
Kd7 Nc5+ 0-1

[Event "Live Chess"]
[Site "Chess.com"]
[Date "2024.06.02"]
[Round "-"]
[White "missedJariChance"]
[Black "wadsy27"]
[Result "0-1"]
[WhiteElo "1364"]
[BlackElo "2604"]
[TimeControl "300"]
[EndTime "8:03:46 PDT"]
[Termination "wadsy27 won by resignation"]

1. d4 Nf6 2. c4 c5 3. d5 e6 4. Nc3 exd5 5. cxd5 d6 6. Nf3 g6 7. Bg5 h6 8. Bh4 g5 9. Bg3 Nh5 10. e3 Nxg3 11. hxg3 Bg7 12. Qc2 a6 13. Bd3 b5 14.
O-O Nd7 15. Rfe1 Nf6 16. Bf5 Bxf5 17. Qxf5 Qd7 18. Qxd7+ Kxd7 19. Rad1 Ng4 20. e4 Ne5 21. Nh2 Nc4 22. b3 Bxc3 23. Re3 Nxe3 0-1

[Event "Live Chess"]
[Site "Chess.com"]
[Date "2024.06.02"]
[Round "-"]
[White "bill77678"]
[Black "Ocelot32"]
[Result "1-0"]
[WhiteElo "1844"]
[BlackElo "1385"]
[TimeControl "300"]
[EndTime "8:03:48 PDT"]
[Termination "bill77678 won by resignation"]

1. e4 e6 2. d4 d5 3. Nc3 dxe4 4. Nxe4 Nd7 5. Nf3 Ngf6 6. Bd3 Be7 7. O-O b6 8. c3 Bb7 9. Re1 O-O 10. Qc2 Nc5 11. Nxc5 1-0

[Event "Live Chess"]
[Site "Chess.com"]
[Date "2024.06.02"]
[Round "-"]
[White "NAZRIZ1977"]
[Black "McFim"]
[Result "1/2-1/2"]
[WhiteElo "2075"]
[BlackElo "1784"]
[TimeControl "300"]
[EndTime "8:04:02 PDT"]
[Termination "Game drawn by repetition"]

1. d4 d5 2. c4 e6 3. Nc3 Nf6 4. Bg5 Be7 5. e3 h6 6. Bh4 O-O 7. Nf3 b6 8. Bd3 Bb7 9. Qc1 Nbd7 10. g4 dxc4 11. Bxc4 c5 12. Rg1 Bxf3 13. g5 hxg5 14. Bxg5 g6 15. e4 Nxe4 16. Bh6 Re8 17. Qf4 Nxc3 18.
Bxe6 Bf6 19. Rxg6+ Kh8 20. Bg7+ Bxg7 21. Rh6+ Bxh6 22.
Qxh6+ Kg8 23. Qg6+ Kh8 24. Qh6+ Kg8 25. Qg6+ Kh8 26. Qh6+ 1/2-1/2

[Event "Live Chess"]
[Site "Chess.com"]
[Date "2024.06.02"]
[Round "-"]
[White "CheckThis4"]
[Black "peteopeteo"]
[Result "1-0"]
[WhiteElo "2676"]
[BlackElo "1546"]
[TimeControl "300"]
[EndTime "8:04:13 PDT"]
[Termination "CheckThis4 won by resignation"]

1. d4 d5 2. Nc3 Nf6 3. e4 dxe4 4. f3 e5 5. dxe5 Qxd1+ 6. Kxd1 Nfd7 7. Nd5 Kd8 8. Bg5+ f6 9. exf6 gxf6 10. Nxf6 Be7 11.
Nxe4 Bxg5 12. Nxg5 Ke8 13. Ne6 Na6 14. Bxa6 bxa6 15.
Nxc7+ Kd8 16. Nxa8 Bb7 17. Ne2 Bxa8 18. Kc1 Re8 19. Ng3 Bd5 20. b3 Nc5 21. Kb2 Rg8 22.
Rad1 Rg5 23. Ne4 Nxe4 24. fxe4 Rxg2 25. Rxd5+ Ke7 26. Rhd1 Ke6 27. Rd6+ Ke5 28. Rxa6 Kxe4 29. Rxa7 h5 30. Re7+ Kf4 31. a4 Rxh2 32. a5 h4 33. a6 Re2 34. Rxe2 1-0

[Event "Live Chess"]
[Site "Chess.com"]
[Date "2024.06.02"]
[Round "-"]
[White "HoarseyHorsey"]
[Black "juniortay"]
[Result "1-0"]
[WhiteElo "1589"]
[BlackElo "2269"]
[TimeControl "300"]
[EndTime "8:04:19 PDT"]
[Termination "HoarseyHorsey won by resignation"]

1. d4 Nf6 2. c4 g6 3. Nc3 Bg7 4.
Bg5 d6 5. e3 O-O 6. Qc2 c6 7.
Be2 a6 8. Nf3 b5 9. cxb5 axb5 10. O-O b4 11. Ne4 Bf5 12. Nxf6+ exf6 13. Bd3 Bxd3 14.
Qxd3 fxg5 15. e4 c5 16. dxc5 dxc5 17. Qc4 Qe7 18. Rad1 Nd7 19. Rfe1 Ne5 20. Nxe5 Bxe5 21. Rd5 Bd4 22. e5 Rad8 23. b3 Qf6 24. exf6 1-0

[Event "Live Chess"]
[Site "Chess.com"]
[Date "2024.06.02"]
[Round "-"]
[White "JanMur7"]
[Black "Queensandpawns"]
[Result "1-0"]
[WhiteElo "2290"]
[BlackElo "2249"]
[TimeControl "300"]
[EndTime "8:04:19 PDT"]
[Termination "JanMur7 won by resignation"]

1. e4 e5 2. Nf3 Nf6 3. Nc3 Nc6 4. Bc4 Bc5 5. d3 h6 6. h3 O-O 7. g4 a6 8. g5 hxg5 9. Bxg5 b5 10.
Bb3 Nd4 11. Nxd4 exd4 12. Nd5 Be7 13. Nxe7+ Qxe7 14. Rg1 Qe5 15. Qf3 Nh7 16. Bh6 g6 17. Bxf8 Nxf8 18. Qxf7+ 1-0

[Event "Live Chess"]
[Site "Chess.com"]
[Date "2024.06.02"]
[Round "-"]
[White "Andysav3"]
[Black "ProfPoisson"]
[Result "1-0"]
[WhiteElo "1881"]
[BlackElo "1352"]
[TimeControl "300"]
[EndTime "8:04:22 PDT"]
[Termination "Andysav3 won by resignation"]

1. e4 e5 2. Nf3 Nf6 3. d4 Nxe4 4.
Nxe5 d5 5. Bd3 Nd7 6. O-O Nxe5 7. dxe5 Bc5 8. Bxe4 dxe4 9. Qxd8+ Kxd8 10. Nc3 Re8 11. Bg5+ Be7 12. Nxe4 Bxg5 13. Nxg5 Bf5 14. c3 f6 15.
exf6 gxf6 16. Rad1+ Kc8 17. Nf3 Re2 18. Nd4 Rxb2 19.
Nxf5 Rxa2 20. Ne7+ 1-0

[Event "Live Chess"]
[Site "Chess.com"]
[Date "2024.06.02"]
[Round "-"]
[White "Inglaterra"]
[Black "Ferrarifan27"]
[Result "1-0"]
[WhiteElo "2064"]
[BlackElo "2145"]
[TimeControl "300"]
[EndTime "8:04:27 PDT"]
[Termination "Inglaterra won on time"]

1. e4 e5 2. Nf3 Nc6 3. Bb5 a6 4.
Ba4 Nf6 5. O-O Be7 6. Re1 b5 7. Bb3 O-O 8. h3 d6 9. c3 Na5 10. Bc2 c5 11. d3 Nc6 12. Nbd2 Bd7 13. Nf1 Qb6 14. Ng3 g6 15. Bh6 Rfe8 16. Qd2 Bf8 17. Bxf8 Rxf8 18. Rad1 Kg7 19. d4 cxd4 20. cxd4 exd4 21.
Nxd4 Ne5 22. Qg5 Ne8 23. Ndf5+ Kg8 24. Nxd6 f6 25. Qd2 Rd8 26. Bb3+ Kg7 27. Qd5 Nc7 28. Qb7 Qa5 29. f4 Bc6 30. Qa7 Nd7 31. Qf2 Nb6 32.
f5 Nd7 33. fxg6 hxg6 34. Ne2 Ne5 35. Nf4 Qb4 36. Rd4 Qc5 37. Red1 Bxe4 38. Nxe4 Qe7 39. Qg3 Rxd4 40. Rxd4 Rd8 41. Rxd8 Qxd8 42. Nc5 Qd4+ 43. Kh2 Qxc5 44. Nh5+ Kh6 45. Nxf6 Kg7 46. Ng4 Nxg4+ 47. Qxg4 Qd6+ 48. Qg3 Qxg3+ 49. Kxg3 Kf6 50. Kf4 Ne8 51. g4 Nd6 52. Ke3 g5 53. Kd4 Ke7 54. Kc5 Ne4+ 55. Kb6 Nf2 56. Kxa6 Nxh3 57. Kxb5 Nf2 58. a4 Nxg4 59.
a5 Ne5 60. a6 Nd7 61. a7 Nb8 62.
axb8=Q g4 63. Qa7+ Kf6 64. Qg1 Kg5 65. Kc5 Kh4 66.
Kd4 1-0

[Event "Live Chess"]
[Site "Chess.com"]
[Date "2024.06.02"]
[Round "-"]
[White "Mangoalo"]
[Black "CarmelJane"]
[Result "0-1"]
[WhiteElo "1080"]
[BlackElo "2047"]
[TimeControl "300"]
[EndTime "8:04:41 PDT"]
[Termination "CarmelJane won by resignation"]

1. e4 g6 2. Nf3 Bg7 3. d4 c5 4.
Nc3 cxd4 5. Nxd4 Nc6 6. Be3 Nf6 7. Bb5 O-O 8. f4 a6 9. Bxc6 bxc6 10. e5 Nd5 11.
Nxd5 cxd5 12. O-O a5 13. a4 Ba6 14. Rf2 Rb8 15. b3 d6 16. exd6 Qxd6 17. f5 Qd7 18. fxg6 fxg6 19. Qd2 e5 20. Rxf8+ Rxf8 21. Nf3 d4 22. Bg5 Bb7 23. c4 Qg4 24. Rf1 Bxf3 25.
Be7 Rf7 26. h3 Qxg2+ 27. Qxg2 Bxg2 28. Kxg2 Rxe7 0-1

[Event "Live Chess"]
[Site "Chess.com"]
[Date "2024.06.02"]
[Round "-"]
[White "upoe610"]
[Black "lateforthesky"]
[Result "1-0"]
[WhiteElo "2167"]
[BlackElo "2074"]
[TimeControl "300"]
[EndTime "8:04:48 PDT"]
[Termination "upoe610 won by resignation"]

1. c4 g6 2. g3 Bg7 3. Bg2 d6 4. Nc3 e5 5. d3 Nf6 6. Nf3 O-O 7. O-O Nc6 8. Rb1 a5 9. a3 Re8 10. b4 axb4 11. axb4 e4 12. dxe4 Nxe4 13. Nxe4 Rxe4 14. b5 Na5 15. Nd2 Re8 16. Bb2 Bf5 17. Bxg7 Kxg7 18. Ra1 c6 19. e4 Be6 20. Qc2 Qb6 21. Rfb1 c5 22. Qc3+ f6 23. f4 Qc7 24. b6 Qd7 25. Rxa5 Rxa5 26. Qxa5 1-0

[Event "Live Chess"]
[Site "Chess.com"]
[Date "2024.06.02"]
[Round "-"]
[White "ukraineZelensky"]
[Black "NeilDruggan73"]
[Result "0-1"]
[WhiteElo "1321"]
[BlackElo "1721"]
[TimeControl "300"]
[EndTime "8:04:59 PDT"]
[Termination "NeilDruggan73 won by checkmate"]

1. d4 Nf6 2. e3 g6 3. c4 Bg7 4. Nc3 d6 5. h3 O-O 6. Nf3 b6 7.
e4 Bb7 8. Bd3 Nbd7 9. O-O c5 10.
d5 a6 11. a4 Nh5 12. Bd2 e5 13.
b3 f5 14. exf5 gxf5 15. Bb1 Nf4 16. Bxf4 exf4 17. Qc2 Qf6 18. Rc1 Kh8 19. Ba2 a5 20.
Rab1 Ba6 21. Nb5 Bxb5 22. axb5 Rg8 23. Re1 Rae8 24. Rxe8 Rxe8 25. Qd2 Re4 26. Re1 Bh6 27. Bb1 Rxe1+ 28. Qxe1 Ne5 29. Nxe5 dxe5 30. Qc3 Bg7 31. Qf3 Qg6 32. Kf1 h6 33. Bd3 e4 34. Qxf4 exd3 35. Qb8+ Kh7 36. d6 Qg5 37. d7 Qc1# 0-1

[Event "Live Chess"]
[Site "Chess.com"]
[Date "2024.06.02"]
[Round "-"]
[White "LL220284LL"]
[Black "Purple1szed"]
[Result "1-0"]
[WhiteElo "2468"]
[BlackElo "2007"]
[TimeControl "300"]
[EndTime "8:05:15 PDT"]
[Termination "LL220284LL won by resignation"]

1. Nf3 Nf6 2. b3 g6 3. Bb2 Bg7 4. e3 O-O 5. Be2 c5 6. c4 Nc6 7. Nc3 e6 8. O-O d5 9. cxd5 exd5 10. d4 cxd4 11. Nxd4 Nxd4 12. Qxd4 Be6 13. Qd2 Rc8 14.
Bf3 Qa5 15. Rfd1 Rfd8 16. Ne2 Qxd2 17. Rxd2 Ne4 18. Bxe4 dxe4 19. Rxd8+ Rxd8 20. Bxg7 Kxg7 21. Nd4 Rc8 22. Rd1 Kf6 23. h3 Rc7 24. Rd2 a6 25. Kh2 h5 26. Kg3 g5 27. h4 b5 28. hxg5+ Kxg5 29. Nxe6+ fxe6 30. Rd6 Rc2 31. Rxa6 Rb2 32. Rxe6 Rxa2 33.
Rxe4 1-0

[Event "Live Chess"]
[Site "Chess.com"]
[Date "2024.06.02"]
[Round "-"]
[White "gmnorfolk"]
[Black "KyryloPoluliakh"]
[Result "1-0"]
[WhiteElo "2119"]
[BlackElo "1534"]
[TimeControl "300"]
[EndTime "8:05:42 PDT"]
[Termination "gmnorfolk won by resignation"]

1. c4 Nf6 2. Nc3 g6 3. e4 Bg7 4. d4 O-O 5. Be2 d6 6. Be3 Nc6 7. d5 Nb8 8. Nf3 e6 9. O-O exd5 10. cxd5 c6 11. dxc6 Nxc6 12. Qd2 Ne5 13. Nxe5 dxe5 14. Rfd1 Be6 15. Qxd8 Rfxd8 16. Rxd8+ Rxd8 17. Bxa7 Bf8 18. Rd1 Rxd1+ 19. Bxd1 Bb4 20. f3 Bxc3 21.
bxc3 Bxa2 22. Ba4 Bc4 23. Bb8 Kf8 24. Bxe5 Ke7 25. Kf2 b5 26. Bc2 Nd7 27. Bc7 Nc5 28. Ke3 Ne6 29. Be5 f6 30. Bd4 Nxd4 31. cxd4 b4 32. d5 b3 33. Bb1 f5 34. Kd4 Bf1 35.
g3 fxe4 36. fxe4 Be2 37. e5 Bd1 38. d6+ Ke6 39. Kc3 Bg4 40. Kd4 Bd1 41. Bd3 Bc2 42. Kc3 Bd1 43. Bc4+ Kd7 44. Bxb3 Bg4 45. Kd4 h5 46. Kc5 Bf3 47. h4 Bg4 48. Bc2 Ke6 49. Kd4 Kf7 50. Bb3+ Ke8 51. e6 Kd8 52. e7+ Kd7 53.
Ba4+ Kxd6 54. e8=Q Kc7 55. Kc5 1-0

[Event "Live Chess"]
[Site "Chess.com"]
[Date "2024.06.02"]
[Round "-"]
[White "lyricalschemes"]
[Black "santhoshrlokesh"]
[Result "1-0"]
[WhiteElo "2206"]
[BlackElo "1469"]
[TimeControl "300"]
[EndTime "8:05:44 PDT"]
[Termination "lyricalschemes won by resignation"]

1. e4 d5 2. exd5 e6 3. dxe6 Bxe6 4. d4 Bb4+ 5. c3 Ba5 6. Nf3 Ne7 7. Bd3 Bg4 8. O-O O-O 9. Bxh7+ Kxh7 10. Ng5+ Kg8 11.
Qxg4 Ng6 12. Qh5 Re8 13. Nxf7 Kxf7 14. Qxa5 b6 15. Qf5+ Qf6 16. Qd5+ Qe6 17. Qxa8 Nd7 18. Qf3+ Nf6 19. Bg5 Qe1 20. Nd2 Qxd2 21. Bxd2 Nh4 22.
Qh3 Ng6 23. Rfe1 Rxe1+ 24. Rxe1 1-0

[Event "Live Chess"]
[Site "Chess.com"]
[Date "2024.06.02"]
[Round "-"]
[White "agamilewska"]
[Black "ameetghasi100"]
[Result "0-1"]
[WhiteElo "1802"]
[BlackElo "2756"]
[TimeControl "300"]
[EndTime "8:05:45 PDT"]
[Termination "ameetghasi100 won by resignation"]

1. d4 c5 2. dxc5 Nf6 3. Nc3 e6 4. e4 Nc6 5. Nf3 Bxc5 6. Bg5 Qb6 7. Be3 Bxe3 8. fxe3 Qxb2 9. Ne2 Nxe4 10. Qc1 Qb4+ 11. c3 Qa5 12. Nfd4 d5 13. Nxc6 bxc6 14. g3 e5 15. Bg2 h5 16. Bxe4 dxe4 17. O-O h4 18. gxh4 Rxh4 19. Ng3 Be6 20. Qc2 Qc5 21. Rae1 Qc4 22. a3 O-O-O 23. Qa2 Qxa2 0-1